AoeStats
← kirdneh.p

Hideout

507713877Analyzed
1v1 RM · 13d ago on Sep 19, 2026· 67m 48s· 2 players
Game mode
Random Map
Map size
Tiny (2 player)
Population
200
Speed
Normal
Resources
Standard
Victory
Conquest
Starting age
Dark Age
Ending age
Imperial Age
RankedLock teamsTeams togetherTeam positionsShared explorationLock speedFull tech treeHidden civsTurbo modeCheats
Victory
Defeat
🇷🇴 Wei · Romania
1076
+17
🇩🇪 Vikings · Germany
1104
-17
KingR
7:44 Loom
10:24 Feudal Age
11:27 Double-Bit Axe
11:27 Horse Collar
12:19 Town Watch
17:57 Castle Age
17:38 Gold Mining
18:37 Scale Barding Armor
19:19 Bloodlines
21:09 Heavy Plow
21:04 Stone Mining
24:07 Wheelbarrow
25:48 Hand Cart
32:39 Gold Shaft Mining
35:43 Imperial Age
33:17 Padded Archer Armor
33:08 Fletching
34:17 Town Patrol
34:39 Leather Archer Armor
34:40 Masonry
34:43 Thumb Ring
35:58 Bodkin Arrow
36:26 Ballistics
37:32 Forging
37:43 Chain Barding Armor
37:40 Husbandry
38:38 Parthian Tactics
38:23 Heavy Hei Guang Cavalry
39:55 Bow Saw
39:48 Bracer
40:24 Iron Casting
40:21 Ring Archer Armor
41:13 Stone Shaft Mining
42:13 Chemistry
41:09 Murder Holes
41:37 Tuntian
42:02 Conscription
50:17 Light Cavalry
57:06 Blast Furnace
56:08 Scale Mail Armor
kirdneh.p
7:35 Loom
7:54 Loom
10:25 Feudal Age
15:29 Castle Age
13:34 Double-Bit Axe
14:09 Fletching
15:18 Padded Archer Armor
18:00 Crossbowman
19:05 Town Watch
19:36 Bow Saw
19:09 Horse Collar
20:48 Bodkin Arrow
21:36 Leather Archer Armor
21:11 Pikeman
21:54 Scale Mail Armor
30:33 Imperial Age
30:33 Heavy Plow
30:45 Bow Saw
30:43 Arbalester
31:57 Gold Mining
32:51 Bracer
33:27 Ballistics
34:00 Chain Mail Armor
33:56 Forging
35:06 Ring Archer Armor
35:53 Plate Mail Armor
36:27 Conscription
37:04 Iron Casting
38:18 Chemistry
38:36 Chieftains
41:06 Blast Furnace
42:52 Gold Shaft Mining
42:08 Stone Mining
42:44 Masonry
43:11 Hoardings
43:04 Elite Berserk
43:14 Elite Berserk
43:55 Man-at-Arms
44:34 Long Swordsman
45:14 Two-Handed Swordsman
45:57 Squires
45:43 Gambesons
45:45 Arson
47:13 Champion
52:51 Elite Skirmisher
56:06 Scale Barding Armor
56:39 Crop Rotation
57:01 Light Cavalry
58:31 Chain Barding Armor
Connection lost

Rejoining the realm…

Still unreachable

The connection could not be restored.

Session expired

The server has moved on; the page needs a fresh start.